 Dungeon Crawl Stone Soup version 0.28-a0-1429-gf3d713df7a (webtiles) character file.

Game seed: 8805622549203724090

6096 HallandMoats the Fighter (level 10, -17/91 HPs)
             Began as a Minotaur Fighter on Jan 9, 2022.
             Was a Believer of Cheibriados.
             Demolished by a death knight (31 damage)
             ... on level 9 of the Dungeon.
             The game lasted 00:09:45 (6684 turns).

HallandMoats the Fighter (Minotaur Fighter)         Turns: 6684, Time: 00:09:46

Health: -17/91     AC:  8    Str: 30    XL:     10   Next: 58%
Magic:  13/13      EV: 19    Int: 10    God:    Cheibriados [**....]
Gold:   345        SH: 16    Dex: 19    Spells: 9/9 levels left

rFire   . . .      SeeInvis .   b - +10 trident of Peace {protect, *Corrode rPois Will+ Str+4}
rCold   . . .      Faith    .   H - +0 kite shield
rNeg    . . .      Spirit   .   l - +0 troll leather armour {Pargi}
rPois   +          Reflect  +   (helmet restricted)
rElec   .          Harm     .   f - +1 cloak
rCorr   .          Rampage  .   (no gloves)
Will    +....                   (no boots)
Stlth   +.........              D - amulet of reflection
HPRegen 1.05/turn               z - +4 ring of evasion
MPRegen 0.13/turn               (no ring)

@: very slow
A: horns 2, retaliatory headbutt
a: Renounce Religion, Bend Time


You were on level 9 of the Dungeon.
You worshipped Cheibriados.
Cheibriados was pleased with you.
You visited 2 branches of the dungeon, and saw 10 of its levels.
You also visited: Ossuary.

You collected 735 gold pieces.
You spent 390 gold pieces at shops.

Inventory:

Hand Weapons
 a - a +3 scimitar of flaming
 b - the +10 trident of Peace (weapon) {protect, *Corrode rPois Will+ Str+4}
   (You found it on level 2 of the Dungeon)

   It grants its wielder temporary protection when it strikes (+7 to AC).
   Str:       It affects your strength (+4).
   rPois:     It protects you from poison.
   *Corrode:  It may corrode you when you take damage.
   Will:      It increases your willpower.
 F - a +1 war axe
Armour
 f - a +1 cloak (worn)
 l - a +0 troll leather armour (worn) {Pargi}
 p - a +4 ring mail of fire resistance
 H - a +0 kite shield (worn)
Jewellery
 c - a ring of resist corrosion
 z - a +4 ring of evasion (left hand)
 D - an amulet of reflection (around neck)
 G - a ring of protection from fire
Wands
 d - a wand of acid (4)
 h - a wand of flame (49)
 o - a wand of mindburst (25)
 y - a wand of digging (16)
 C - a wand of iceblast (16)
 E - a wand of polymorph (3)
Scrolls
 g - 4 scrolls of amnesia {unknown}
 i - 3 scrolls of blinking {unknown}
 n - 6 scrolls of identify {unknown}
 r - a scroll of noise {unknown}
 u - 2 scrolls of magic mapping {unknown}
 v - 3 scrolls of immolation {unknown}
Potions
 e - 2 potions of attraction {unknown}
 j - 5 potions of brilliance {unknown}
 k - 4 potions of curing
 m - 2 potions of cancellation {unknown}
 q - 3 potions of flight {unknown}
 s - 2 potions of haste {unknown}
 t - 2 potions of ambrosia {unknown}
 w - 2 potions of lignification {unknown}
 x - a potion of heal wounds {unknown}
 A - a potion of mutation {unknown}
 B - a potion of degeneration {unknown}


   Skills:
 + Level 9.4 Fighting
 + Level 8.9 Axes
 + Level 9.3 Armour
 + Level 7.7 Dodging
 + Level 6.3 Shields
 * Level 5.7 Invocations


You had 9 spell levels left.
You didn't know any spells.
Your spell library contained the following spells:

 Spells                   Type           Power      Damage    Failure   Level
 Freeze                   Ice            0%         1d3       73%         1
 Shock                    Conj/Air       0%         1d3       73%         1
 Ensorcelled Hibernation  Hex/Ice        0%         N/A       86%         2
 Passwall                 Tmut/Erth      0%         N/A       86%         2
 Frozen Ramparts          Ice            0%         1d2       97%         3
 Ozocubu's Armour         Ice            0%         N/A       97%         3
 Spider Form              Tmut/Pois      0%         N/A       97%         3
 Swiftness                Air            0%         N/A       97%         3
 Tukima's Dance           Hex            0%         N/A       97%         3
 Airstrike                Air            0%         N/A       100%        4
 Hailstorm                Conj/Ice       0%         3d3       100%        4
 Passage of Golubria      Tloc           0%         N/A       100%        4
 Metabolic Englaciation   Hex/Ice        0%         N/A       100%        5
 Yara's Violent Unravell  Hex/Tmut       0%         3d3       100%        5
 Starburst                Conj/Fire      0%         6d3       100%        6
 Ozocubu's Refrigeration  Ice            0%         4d5       100%        7
 Polar Vortex             Ice            0%         N/A       100%        9


Dungeon Overview and Level Annotations

Branches:
Dungeon (9/15)             Temple (1/1) D:7         Ossuary (visited)
   Lair: D:8-11         Orc: D:9-12

Altars:
Ashenzari
Cheibriados
Dithmenos
Elyvilon
Fedhas
Gozag
Hepliaklqana
Kikubaaqudgha
Makhleb
Nemelex Xobeh
Okawaru
Qazlal
Ru
Sif Muna
Trog
Uskayaw
Vehumet
Wu Jian
Xom
Yredelemnul
Zin
The Shining One

Shops:
D:2 [   D:7 :   D:8 =   D:9 *


Innate Abilities, Weirdness & Mutations

You have a pair of horns on your head.
You reflexively headbutt those who attack you in melee.


Message History

The death knight is moderately wounded.
You block the death knight's attack.
You puncture the death knight!
The death knight is heavily wounded.
The death knight closely misses you.
You puncture the death knight! Your headbutt misses the death knight.
The death knight is heavily wounded.
You block the death knight's attack.
You puncture the death knight!
The death knight is severely wounded.
You block the death knight's attack.
You hit the death knight.
The death knight is severely wounded.
The death knight invokes the aid of Yredelemnul against you.
Your body is wracked with pain!
You block the death knight's attack.
You hit the death knight.
The death knight is severely wounded.
The death knight offers itself to Yredelemnul, and fills with unholy energy.
You hit the death knight.
The death knight is severely wounded.
The death knight reflects your damage back at you!
You block the death knight's attack.
You hit the death knight.
The death knight is almost dead.
The death knight reflects your damage back at you!
The death knight calls down the wrath of Yredelemnul upon you.
Your body is wracked with pain!
* * * LOW HITPOINT WARNING * * *
You block the death knight's attack.
There is a stone staircase leading down here.
Okay, then.
Okay, then.
The death knight's dark mirror aura disappears.
The death knight mumbles some strange prayers to Yredelemnul against you.
You resist with some effort.
The death knight hits you with a +0 battleaxe!!
* * * LOW HITPOINT WARNING * * *
You feel better.
The death knight hits you with a +0 battleaxe!!
You die...

##################
#........#.......#
#........#.......#
#...(....#.......#
#...........#.####
#..[......###.# ########
#......#### ### #
#......###......####..## # ####
#..........@p..>⌠.⌠...8#####
...###...^..####..........|.##...
....##......# #.....⌠.⌠...8##.##
.....##.########.....####..##[...
.....................########.#..
.......#########.........#...##..
.....### ##...........####..
.....# #............# #... .....#
#..........### #...


You could see a death knight.

Vanquished Creatures
  Erica (D:8)
  Pikel (D:8)
  Maurice (D:8)
  Psyche (D:9)
  A troll (D:9)
  A hornet (D:9)
  Grinder (D:3)
  Duvessa (D:5)
  2 water moccasins (D:7)
  2 orc warriors
  Pargi (D:3)
  2 ice beasts
  A black bear (D:5)
  3 ogres
  2 centaurs
  A lemure (D:8)
  3 phantoms
  3 bullfrogs
  A kobold brigand (D:9)
  A gnoll sergeant (D:9)
  A water moccasin zombie (D:6)
  3 scorpions
  Dowan (D:5)
  A wyvern skeleton (D:7)
  2 water moccasin skeletons
  8 killer bees (D:8)
  An electric eel (D:7)
  2 jellies
  2 centaur zombies
  A bullfrog zombie (D:7)
  2 orc priests
  A bullfrog skeleton (D:5)
  A gnoll shaman (D:9)
  2 hounds
  Ijyb (D:3)
  Natasha (thrice) (D:2)
  4 iguanas
  A scorpion zombie (D:5)
  8 orc wizards
  A killer bee zombie (D:7)
  2 mummies (Ossuary)
  A howler monkey zombie (D:5)
  Robin (D:3)
  9 adders
  11 gnolls
  2 shadow imps
  3 white imps
  2 ufetubi (D:5)
  4 worms
  3 dart slugs
  20 orcs
  5 endoplasms
  4 giant cockroaches
  17 goblins
  10 hobgoblins
  2 jackals (D:1)
  10 kobolds
  4 quokkas
  7 ball pythons
  11 bats
  4 frilled lizards
  5 gnoll zombies (Ossuary)
  A goblin zombie (Ossuary)
  4 hobgoblin zombies (Ossuary)
  4 orc zombies (Ossuary)
  4 rats
226 creatures vanquished.

Vanquished Creatures (others)
  2 plants (D:1)
2 creatures vanquished.

Grand Total: 228 creatures vanquished

Notes
Turn   | Place    | Note
-------+----------+-------------------------------------------
     0 | D:1      | HallandMoats the Minotaur Fighter began the quest for the
                  | Orb.
     0 | D:1      | Reached XP level 1. HP: 19/19 MP: 0/0
    50 | D:1      | Reached XP level 2. HP: 27/27 MP: 1/1
   262 | D:1      | Reached skill level 1 in Dodging
   395 | D:1      | Reached XP level 3. HP: 33/33 MP: 2/2
   524 | D:2      | Noticed Natasha
   527 | D:2      | Found a burning altar of Makhleb.
   529 | D:2      | Killed Natasha
   532 | D:2      | Reached XP level 4. HP: 36/40 MP: 3/3
   649 | D:2      | Noticed Natasha
   654 | D:2      | Killed Natasha
   783 | D:2      | Found Rotiz's Armour Shoppe.
   786 | D:2      | Noticed Natasha
   797 | D:2      | Killed Natasha
   930 | D:2      | Reached XP level 5. HP: 47/47 MP: 4/4
   932 | D:2      | Identified the +10 trident of Peace {protect, *Corrode
                  | rPois Will+ Str+4}
  1058 | D:2      | Found a faded altar of an unknown god.
  1436 | D:3      | Noticed Pargi
  1452 | D:3      | Killed Pargi
  1453 | D:3      | Reached XP level 6. HP: 30/55 MP: 5/5
  1519 | D:3      | Noticed Grinder
  1524 | D:3      | Paralysed by Grinder for 5 turns
  1536 | D:3      | Killed Grinder
  1537 | D:3      | Reached skill level 5 in Fighting
  1537 | D:3      | Reached skill level 5 in Armour
  1537 | D:3      | Reached skill level 5 in Shields
  1603 | D:3      | Noticed Robin
  1609 | D:3      | Killed Robin
  1631 | D:3      | Reached XP level 7. HP: 61/61 MP: 6/6
  1642 | D:3      | Found an ornate altar of the Wu Jian Council.
  1707 | D:3      | Noticed Ijyb
  1721 | D:3      | Killed Ijyb
  2182 | D:3      | Reached skill level 5 in Axes
  2407 | D:4      | Reached XP level 8. HP: 60/70 MP: 7/7
  2654 | D:5      | Entered Level 5 of the Dungeon
  2838 | D:5      | Noticed Dowan
  2839 | D:5      | Noticed Duvessa
  2853 | D:5      | Killed Duvessa
  2854 | D:5      | Reached skill level 5 in Dodging
  2855 | D:5      | Killed Dowan
  3208 | D:5      | Found a radiant altar of Vehumet.
  3888 | D:6      | Reached XP level 9. HP: 79/79 MP: 8/8
  4488 | D:7      | Found Uklum's Book Shoppe.
  4580 | D:7      | Found a basalt altar of Yredelemnul.
  4580 | D:7      | Found a burning altar of Makhleb.
  4633 | D:7      | Found a staircase to the Ecumenical Temple.
  4642 | Temple   | Entered the Ecumenical Temple
  4790 | Temple   | Became a worshipper of Cheibriados the Contemplative
  4840 | D:7      | Reached skill level 1 in Invocations
  4860 | D:7      | Got Veluost's Grimoire of Harmful Ice
  4874 | D:7      | Found a sand-covered staircase.
  4881 | Ossuary  | Entered an ossuary
  4921 | Ossuary  | Reached * piety under Cheibriados
  5476 | D:8      | Found an ancient bone altar of Kikubaaqudgha.
  5547 | D:8      | Found Buirr's Jewellery Shop.
  5550 | D:8      | Bought an amulet of reflection for 390 gold pieces
  5608 | D:8      | Noticed Pikel
  5618 | D:8      | Killed Pikel
  5666 | D:8      | Noticed Erica
  5727 | D:8      | Noticed Maurice
  5734 | D:8      | Killed Erica
  5735 | D:8      | Reached XP level 10. HP: 75/90 MP: 10/12
  5748 | D:8      | Killed Maurice
  5891 | D:8      | Reached ** piety under Cheibriados
  6300 | D:9      | Reached skill level 5 in Invocations
  6418 | D:9      | Found Tuameg's Assorted Antiques.
  6418 | D:9      | Noticed Psyche
  6424 | D:9      | Killed Psyche
  6612 | D:9      | Found a bloodstained altar of Trog.
  6613 | D:9      | Found a shimmering altar of Xom.
  6668 | D:9      | Noticed a death knight
  6684 | D:9      | Demolished by a death knight

Illustrated notes

Levels and vault maps discovered:
D:1:      eino_arrival_water_cross, layout_rooms, minmay_statues_item
D:2:      layout_loops_ring, basic_altar, serial_shops, shop,
          basic_ecumenical_altar, kennysheep_generic_room_14, uniq_natasha
D:3:      layout_loops_cross, general_overflow_altar, serial_park_tiny_1,
          chequers_serial_rivers_small_b, uniq_pargi, uniq_ijyb, uniq_robin,
          uniq_grinder
D:4:      layout_rooms
D:5:      layout_basic, mainiacjoe_overflow_brackets, minmay_circle_x,
          uniq_duvessa
D:6:      layout_layer_cave, serial_rivers, chequers_serial_rivers_micro_b,
          chequers_serial_rivers_large_b, chequers_serial_rivers_micro_b,
          chequers_serial_rivers_micro_b
D:7:      layout_rooms, nicolae_overflow_squiral,
          minmay_temple_entry_antechambers, chequers_ossuary_entry_cave,
          grunt_ministairs_14, nicolae_stop_n_shop_1
D:8:      layout_gridville, lemuel_coloured_pillars_altar, serial_shops,
          nicolae_shop_behind_doors, uniq_maurice, uniq_pikel, uniq_erica
D:9:      layout_rooms, gammafunk_temple_overflow_statue, serial_shops,
          kennysheep_little_box, small_chamber_with_monster, uniq_psyche
Temple:   regret_index_temple_waves

Skill      XL: |  1  2  3  4  5  6  7  8  9 10 |
---------------+-------------------------------+-----
Dodging        | 1 2 3 4 5 7 |  7.7
Armour         | 4 5 6 7 8 9 |  9.3
Fighting       | 4 5 6 7 8 9 |  9.4
Shields        | 4 5 6 |  6.3
Axes           | 3 4 5 7 8 |  8.9
Invocations    | 4 5 |  5.7

Action                   |  1- 3 |  4- 6 |  7- 9 | 10-12 || total
-------------------------+-------+-------+-------+-------++-------
Melee: War axe           |    67 |    32 |       |       ||    99
       Headbutt          |     3 |     6 |    46 |    19 ||    74
       Trident           |       |    46 |   316 |   101 ||   463
  Use: Potion            |       |       |     1 |     1 ||     2
       Scroll            |       |       |     2 |       ||     2
 Stab: Sleeping          |       |       |     1 |       ||     1
Armor: Scale mail        |    38 |    28 |       |       ||    66
       Troll leather arm |       |     7 |    53 |    28 ||    88
Dodge: Dodged            |    37 |    34 |   105 |    72 ||   248
Block: Buckler           |    23 |    10 |    80 |    58 ||   171
       Reflection        |       |       |     1 |     4 ||     5
       Kite shield       |       |       |       |    30 ||    30

Table legend: (Time is in decaauts)
 A = Elapsed time spent in this place.
 B = Non-inter-level travel time spent in this place.
 C = Inter-level travel time spent in this place.
 D = Time resting spent in this place.
 E = Time spent auto-exploring this place.
 F = Levels seen in this place.
 G = Mean time per level.
                   A        B        C        D        E       F      G
               +--------+--------+--------+--------+--------+-----+--------+
         Total |   7457 |   7170 |    287 |      0 |   5735 |  11 |  677.9 |
       Dungeon |   7136 |   6914 |    222 |      0 |   5549 |   9 |  792.9 |
        Temple |    188 |    123 |     65 |      0 |    110 |   1 |  188.0 |
       Ossuary |    131 |    131 |      0 |      0 |     76 |   1 |  131.0 |
               +--------+--------+--------+--------+--------+-----+--------+

Top non-repeatable levels by time:
     D:8: 1237 daAuts
     D:6: 1148 daAuts
     D:2: 1047 daAuts
     D:3: 812 daAuts
     D:7: 730 daAuts
     D:5: 700 daAuts
     D:9: 580 daAuts
     D:4: 441 daAuts
     D:1: 439 daAuts
  Temple: 188 daAuts
 Ossuary: 131 daAuts
